 Dungeon Crawl Stone Soup version 0.15-a0-2075-ga361405 (webtiles) character file.

89 N00bl0rd the Cudgeler (level 4, -1/49 HPs)
             Began as an Ogre Fighter on July 14, 2014.
             Was an Initiate of Qazlal.
             Slain by an orc (5 damage)
             ... on Level 3 of the Dungeon.
             The game lasted 00:03:51 (1796 turns).

N00bl0rd the Cudgeler (Ogre Fighter)                Turns: 1796, Time: 00:03:51

HP  -1/49        AC  3     Str 22      XL: 4   Next: 55%
MP  13/13        EV  8     Int  5      God: Qazlal [......]
Gold 94          SH  8     Dex  9      Spells:  0 memorised,  3 levels left

rFire  . . .     SeeInvis .     a - +0 flail
rCold  . . .     Clarity  .     b - +0 robe
rNeg   . . .     rCorr    .     c - +0 shield
rPois  .         rRot     .     (helmet restricted)
rElec  .         Spirit   .     (no cloak)
SustAb .         Warding  .     (gloves unavailable)
rMut   .         Stasis   .     (boots unavailable)
Gourm  .                        (no amulet)
MR     .....                    (no ring)
                                q - ring of magical power

@: not resistant to hostile enchantments, very unstealthy
A: unfitting armour, dopey 1, tough skin 1, forlorn, placid magic 1
a: Renounce Religion


You were on level 3 of the Dungeon.
You worshipped Qazlal.
Qazlal was noncommittal.
You were not hungry.

You visited 1 branch of the dungeon, and saw 3 of its levels.

You collected 94 gold pieces.

Inventory:

Hand weapons
 a - a +0 flail (weapon)
Armour
 b - a +0 robe (worn)
 c - a +0 shield (worn)
Comestibles
 d - a meat ration
 i - 4 fruits
 s - a bread ration
 t - a beef jerky
Scrolls
 f - 3 scrolls of blinking {unknown}
 h - 2 scrolls of recharging {unknown}
 j - a scroll of identify {unknown}
 m - a scroll of fear {unknown}
 n - a scroll of teleportation {unknown}
 o - a scroll of enchant armour {unknown}
Jewellery
 q - a ring of magical power (left hand)
Potions
 e - 2 potions of might
 k - a potion of curing


   Skills:
 + Level 4.8 Fighting
 * Level 4.8 Maces & Flails
 - Level 2.6 Dodging
 + Level 3.2 Shields


You had 3 spell levels left.
You didn't know any spells.

Dungeon Overview and Level Annotations

Branches:
Dungeon (3/15)

Altars:
Qazlal

Annotations:
D:3 N00bl0rd's ghost, average OgFi


Innate Abilities, Weirdness & Mutations

You are too large for most types of armour.
You have tough skin (AC +1).
You are dopey. (Int -2)
You have difficulty communicating with the divine.
Your spells are a little easier to cast, but a little less powerful.


Message History

A gnoll comes into view. It is wielding a club.
An orc comes into view.
The orc shouts!
You block the orc's attack. You block the orc's attack. The orc hits you.
* * * LOW HITPOINT WARNING * * *
You hit the orc.
The orc is lightly wounded.
The orc hits you.
* * * LOW HITPOINT WARNING * * *
You block the orc's attack.
You barely miss the orc.
The orc is lightly wounded.
The orc hits you.
* * * LOW HITPOINT WARNING * * *
N00bl0rd's ghost whispers, "The ORB doesn't exist."
There is a stone staircase leading up here.
The orc hits you.
You die...

#.#####.....# #.##
#....##.....# #..#
#....##.....# ##.#
##g..######## #.#
##g## #.# #W# #.#
#.# ##########.#
#.######.......##.#
#...W..#@#####.##.#
######.#o##.......#
#.W....##.####
###.#####.#
#.#####.# #.......#
#########


You could see N00bl0rd's ghost and an orc.

Vanquished Creatures
  4 adders
  A giant mite (D:1)
  A worm (D:2)
  A giant gecko (D:1)
  3 goblins
  7 hobgoblins
  2 jackals (D:1)
  6 kobolds
  A quokka (D:2)
  A ball python (D:3)
  9 bats
  A giant cockroach (D:1)
  3 giant newts
  6 rats
46 creatures vanquished.

Notes
Turn   | Place    | Note
--------------------------------------------------------------
     0 | D:1      | N00bl0rd, the Ogre Fighter, began the quest for the Orb.
     0 | D:1      | Reached XP level 1. HP: 24/24 MP: 1/1
   140 | D:1      | Reached XP level 2. HP: 26/32 MP: 2/2
   543 | D:1      | Reached XP level 3. HP: 39/39 MP: 3/3
  1030 | D:2      | Found a stormy altar of Qazlal.
  1073 | D:2      | Became a worshipper of Qazlal Stormbringer
  1096 | D:2      | Gained mutation: Your spells are a little easier to cast, but a little less powerful. [potion of mutation]
  1096 | D:2      | Gained mutation: You are dopey. (Int -2) [potion of mutation]
  1096 | D:2      | Gained mutation: You have difficulty communicating with the divine. [potion of mutation]
  1210 | D:2      | Reached XP level 4. HP: 36/49 MP: 4/4
  1733 | D:3      | Noticed N00bl0rd's ghost (average OgFi)
  1786 | D:3      | HP: 2/49 [orc (4)]
  1796 | D:3      | Slain by an orc

Action                   |  1- 3 |  4- 6 || total
-------------------------+-------+-------++-------
Melee: Flail             |   105 |    40 ||   145
  Use: Potion            |     8 |       ||     8
  Eat: Chunk             |     1 |     2 ||     3
